 Dungeon Crawl Stone Soup version 0.25.1-9-gc5326a611f (webtiles) character file.

Game seed: 17461984624196769060

191 pokeman the Magician (level 5, -2/29 HPs)
             Began as a Deep Elf Wizard on Dec 24, 2020.
             Slain by Natasha (4 damage)
             ... on level 3 of the Dungeon.
             The game lasted 00:04:34 (2843 turns).

pokeman the Magician (Deep Elf Wizard)              Turns: 2843, Time: 00:04:35

Health: -2/29      AC:  3    Str:  4    XL:     5   Next: 42%
Magic:  9/15       EV: 12    Int: 24    God:
Gold:   157        SH:  0    Dex: 13    Spells: 5/16 levels left

rFire    . . .     SeeInvis .   (no weapon)
rCold    . . .     Gourm    .   (no shield)
rNeg     . . .     Faith    .   c - +0 leather armour
rPois    .         Spirit   .   b - +0 hat
rElec    .         Reflect  .   (no cloak)
rCorr    .         Harm     .   (no gloves)
MR       .....                  (no boots)
Stlth    ++........             (no amulet)
HPRegen  0.09/turn              (no ring)
MPRegen  0.14/turn              (no ring)

@: slowed, very slow
A: no striking features
a: no special abilities


You were on level 3 of the Dungeon.
You were not hungry.

You visited 1 branch of the dungeon, and saw 3 of its levels.

You collected 157 gold pieces.

Inventory:

Armour
 b - a +0 hat (worn)
 c - a +0 leather armour (worn)
 l - a +0 kite shield
Scrolls
 a - 3 scrolls of remove curse {unknown}
 f - a scroll of fog {unknown}
 i - a scroll of amnesia {unknown}
 j - a scroll of fear {unknown}
 k - a scroll of identify {unknown}
Potions
 e - 2 potions of might {unknown}
 g - a potion of heal wounds {unknown}
 h - a potion of lignification {unknown}
 m - a potion of magic {unknown}
Comestibles
 d - 4 rations


   Skills:
 - Level 1.1 Fighting
 - Level 1.1 Armour
 - Level 3.0 Dodging
 + Level 2.5 Stealth
 + Level 0.2 Shields
 * Level 6.3 Spellcasting
 + Level 2.7 Conjurations
 - Level 1.1 Summonings
 - Level 1.1 Translocations
 - Level 1.2 Poison Magic


You had 5 spell levels left.
You knew the following spells:

 Your Spells              Type           Power        Failure   Level  Hunger
a - Magic Dart            Conj           ###.         4%          1    None
b - Mephitic Cloud        Conj/Pois/Air  ##......     22%         3    None
c - Call Imp              Summ           ##......     13%         2    None
d - Blink                 Tloc           N/A          13%         2    None
e - Conjure Flame         Conj/Fire      ##......     22%         3    None

Your spell library contained the following spells:

 Spells                   Type           Power        Failure   Level  Hunger
 Slow                     Hex            #.......     21%         2    None
 Gell's Gravitas          Tloc           ##........   26%         3    None
 Confusing Touch          Hex            #.......     38%         3    None
 Petrify                  Tmut/Erth      #.......     80%         4    ###....
 Metabolic Englaciation   Hex/Ice        #.........   98%         5    #####..
 Yara's Violent Unravell  Hex/Tmut       #.........   98%         5    #####..


Dungeon Overview and Level Annotations

Branches:
Dungeon (3/15)

Altars:

Annotations:
D:3 Crazy Yiuf, Natasha


Message History

Your crimson imp blinks!
A magic dart appears from out of thin air!
The magic dart hits you!
* * * LOW HITPOINT WARNING * * *
Crazy Yiuf laughs, "Tosser agre arm!"
Crazy Yiuf says, "Trifle disdain sow!"
Casting: Call Imp (safe; 13% risk of failure)
Confirm with . or Enter, or press ? or * to list all spells.
A beastly little devil appears in a puff of flame.
Something claws your crimson imp!
Crazy Yiuf hits you with a +2 quarterstaff of chaos.
* * * LOW HITPOINT WARNING * * *
Crazy Yiuf freezes you.
* * * LOW HITPOINT WARNING * * *
Casting: Call Imp (safe; 13% risk of failure)
Confirm with . or Enter, or press ? or * to list all spells.
You blink.
Your crimson imp disappears in a puff of smoke!
Something claws you.
You die...

.......5.....#..........####.....
#....####.##.#.###.####..# ####..
#####....>...#5# #...##..## ###
#####..###.# #....#...# ###. ##
#..#.#5###...)#...# ##.÷.
.########..#.#..##...(÷...###....
.##........#.#..#######....##..##
....######.#.#..§### #..).#...#
.#########.#.#..@..####....#...##
.# ..........#...{5g§.......(....
## .######.#.####################
#.#.# ........ ## #.#.# ......).
.# #.#.# ######. ## #.#.#
#.#####... # #.#.# #.......#. #
######.#.####### #######.#.


You could see Crazy Yiuf, a white imp (summoned) and 2 friendly crimson imps.

Vanquished Creatures
  Terence (D:2)
  2 adders (D:2)
  2 worms
  A dart slug (D:1)
  A leopard gecko (D:3)
  5 orcs (D:3)
  A ball python (D:1)
  A giant cockroach (D:2)
  4 goblins
  4 hobgoblins
  3 jackals (D:3)
  4 bats
  8 frilled lizards
  6 kobolds
  4 rats
47 creatures vanquished.

Vanquished Creatures (collateral kills)
  Grinder (D:3)
1 creature vanquished.

Grand Total: 48 creatures vanquished

Notes
Turn   | Place    | Note
-------+----------+-------------------------------------------
     0 | D:1      | pokeman the Deep Elf Wizard began the quest for the Orb.
     0 | D:1      | Reached XP level 1. HP: 10/10 MP: 7/7
   378 | D:1      | Reached XP level 2. HP: 16/16 MP: 3/9
   656 | D:2      | Noticed Terence
   899 | D:2      | Reached skill level 5 in Spellcasting
  1253 | D:2      | Reached XP level 3. HP: 20/20 MP: 2/11
  1258 | D:2      | Learned a level 3 spell: Mephitic Cloud
  1261 | D:2      | Learned a level 2 spell: Call Imp
  1264 | D:2      | Learned a level 2 spell: Blink
  1268 | D:2      | Learned a level 3 spell: Conjure Flame
  1744 | D:2      | Killed Terence
  1744 | D:2      | Reached skill level 1 in Fighting
  1744 | D:2      | Reached skill level 1 in Armour
  1744 | D:2      | Reached XP level 4. HP: 24/25 MP: 0/13
  2242 | D:3      | Noticed Grinder
  2258 | D:3      | Paralysed by Grinder for 3 turns
  2277 | D:3      | Killed Grinder
  2277 | D:3      | Reached skill level 6 in Spellcasting
  2277 | D:3      | Reached skill level 1 in Poison Magic
  2277 | D:3      | Reached XP level 5. HP: 29/29 MP: 10/15
  2796 | D:3      | Found a runed translucent door.
  2797 | D:3      | Noticed Crazy Yiuf
  2820 | D:3      | Noticed Natasha
  2843 | D:3      | Slain by Natasha

Illustrated notes

Levels and vault maps discovered:
D:1:      lemuel_arrival_muddy, layout_basic
D:2:      layout_loops_ring, first_ration, uniq_terence
D:3:      minmay_recursive_quarters, layout_basic, uniq_crazy_yiuf_cottage,
          uniq_grinder, uniq_jessica, uniq_natasha

Skill      XL: |  1  2  3  4 |
---------------+-------------+-----
Spellcasting   | 5 6 |  6.3
Fighting       | 1 |  1.1
Armour         | 1 |  1.1
Conjurations   | 2 |  2.7
Dodging        | 3 |  3.0
Poison Magic   | 1 |  1.2
Stealth        | |  2.5
Shields        | |  0.2
Summonings     | |  1.1
Translocations | |  1.1

Action                   |  1- 3 |  4- 6 || total
-------------------------+-------+-------++-------
Melee: Unarmed           |     2 |     1 ||     3
 Cast: Magic Dart        |    64 |    47 ||   111
       Conjure Flame     |     1 |       ||     1
       Mephitic Cloud    |     1 |       ||     1
       Call Imp          |       |     6 ||     6
       Blink             |       |     2 ||     2
  Eat: Chunk             |     2 |     4 ||     6
Armor: Leather armour    |     6 |     2 ||     8
Dodge: Dodged            |    20 |     6 ||    26
